Map: Odyssey LE

Players

Kitikazis - Winner!

  • Race: Zerg Zerg
  • League: Gold
  • Spawn Location: 5:00

SamuraiFunn

  • Race: Protoss Protoss
  • League: Platinum
  • Spawn Location: 11:00

VOD

Have the link to the VOD?

Description

Time

  • Played on: Nov. 26, 2017, 2:11 p.m.
  • Length: 7:49
Show
View Real Time Build Order
Export as new Build Order

Kitikazis Zerg - Winner!

Build Orders: Hatch First 

Get SALT Encoding   

  12  0:01  Drone  
  13  0:13  Overlord  
  13  0:18  Drone  
  14  0:32  Drone  
  14  0:34  Drone  
  14  0:35  Drone  
  17  0:46  Drone  
  18  0:57  Drone  
  19  1:07  Hatchery  
  19  1:08  Drone  
  19  1:16  Spawning Pool  
  18  1:18  Extractor  
  18  1:19  Drone  
  18  1:29  Drone  
  20  1:40  Drone  
  20  1:51  Drone  
  21  2:01  Overlord  
  21  2:09  Queen, Roach Warren  
  21  2:12  Extractor  
  21  2:15  Zergling x2  
  21  2:19  Queen  
  21  2:21  Drone  
  26  2:22  Drone  
  26  2:28  Metabolic Boost  
  26  2:31  Zergling x2  
  26  2:34  Zergling x2  
  28  2:41  Drone  
  29  2:46  Queen  
  29  2:49  Drone  
  32  2:55  Drone x2  
  34  3:03  Overlord  
  34  3:06  Overlord  
  34  3:19  Roach  
  36  3:21  Overlord x2  
  36  3:25  Drone  
  37  3:33  Drone x2  
  37  3:34  Drone  
  40  3:37  Drone  
  40  3:38  Drone  
  42  3:41  Roach  
  42  3:48  Drone x2  
  46  3:57  Roach  
  46  3:58  Roach  
  46  4:02  Roach, Extractor  
  52  4:04  Roach  
  51  4:19  Roach  
  51  4:20  Roach x4  
  51  4:23  Lair  
  61  4:29  Drone  
  62  4:35  Spore Crawler  
  62  4:38  Spore Crawler  
  60  4:41  Roach x3  
  60  4:44  Zergling x2  
  67  4:49  Drone  
  68  4:55  Overlord  
  68  4:56  Overlord  
  68  5:09  Overlord x2  
  68  5:20  Roach  
  68  5:21  Roach  
  72  5:23  Hatchery  
  72  5:27  Zergling x2  
  72  5:28  Zergling x6  
  73  5:38  Zergling x2  
  73  5:39  Zergling x2  
  71  5:44  Zergling x2  
  71  5:46  Drone x2  
  71  5:47  Drone, Overlord  
  71  5:49  Overseer  
  73  5:54  Spine Crawler  
  72  5:57  Drone  
  69  6:09  Zergling x10  
  73  6:17  Zergling x2  
  73  6:18  Zergling x2  
  69  6:33  Zergling x2  
  69  6:34  Zergling x8  
  72  6:42  Zergling x4  
  72  6:45  Zergling x2  
  71  6:51  Queen  
  71  6:52  Zergling x2  
  74  6:59  Drone  
  75  7:04  Zergling x2  
  75  7:05  Zergling x4  
  75  7:07  Zergling x4  
  80  7:15  Drone  
  81  7:27  Roach x4  
  81  7:29  Drone  
Show
View Real Time Build Order
Export as new Build Order

SamuraiFunn Protoss 

Build Orders:  

Get SALT Encoding   

  12  0:00  Probe  
  13  0:13  Probe  
  14  0:21  Pylon  
  14  0:25  Probe  
  15  0:39  Probe  
  16  0:44  Gateway  
  16  0:51  Probe (Chrono Boost)  
  17  1:02  Probe (Chrono Boost), Assimilator  
  18  1:12  Probe  
  19  1:25  Probe  
  20  1:40  Probe  
  21  1:49  Cybernetics Core  
  21  1:50  Gateway  
  21  1:52  Probe  
  22  2:00  Nexus  
  22  2:04  Probe  
  23  2:14  Pylon  
  23  2:32  Probe  
  23  2:35  Adept (Chrono Boost)  
  26  2:40  Assimilator  
  26  2:44  Probe  
  27  2:46  Zealot (Chrono Boost)  
  29  2:52  Warp Gate (Chrono Boost)  
  29  2:58  Probe  
  30  3:03  Pylon  
  30  3:10  Probe  
  31  3:20  Stalker  
  31  3:21  Stalker  
  31  3:22  Probe  
  31  3:23  Probe  
  37  3:28  Gateway  
  37  3:34  Pylon  
  37  3:35  Probe x2  
  39  3:47  Probe x2  
  41  3:49  Robotics Facility  
  41  3:59  Probe x2  
  41  4:02  Pylon  
  43  4:11  Probe x2  
  44  4:40  Pylon  
  44  4:46  Probe x2  
  44  4:51  Gateway  
  46  4:54  Gateway, Observer  
  46  4:55  Assimilator  
  46  4:58  Probe x2, Assimilator  
  49  5:12  Probe x2  
  49  5:13  Twilight Council  
  51  5:16  Observer  
  52  5:23  Stalker  
  52  5:24  Stalker x2  
  56  5:36  Warp Prism  
  54  5:48  Stalker x3  
  52  5:58  Stalker  
  46  6:12  Stalker  
  46  6:13  Stalker x3  
  46  6:30  Stalker  
  48  6:36  Stalker  
  48  6:46  Stalker  
  48  6:47  Stalker  
Tags
 
Matchup
PvZ
Replay Pack
First 100 games
Spawn Locations
Cross Positions
Add a new tag
Caveats
  • Supply blocks, unpowered buildings, or Contaminate may cause inaccurate times.
  • Supply counts are checked every 10 seconds.